 Dungeon Crawl Stone Soup version 0.28-a0-1518-gbe868bca14 (webtiles) character file.

Game seed: 8118070468239561878

219 Arum the Skirmisher (level 6, -7/73 (76) HPs)
             Began as a Formicid Fighter on Jan 17, 2022.
             Mangled by Blork the orc (9 damage)
             ... on level 4 of the Dungeon.
             The game lasted 00:04:01 (3140 turns).

Arum the Skirmisher (Formicid Fighter)              Turns: 3140, Time: 00:04:02

HP:   -7/73 (76)    AC: 23    Str: 23    XL:     6   Next: 18%
MP:   6/6           EV:  2    Int:  7    God:
Gold: 144           SH:  4    Dex: 10    Spells: 5/5 levels left

rFire   . . .      SeeInvis .   a - +1 long sword (venom)
rCold   . . .      Faith    .   c - +0 buckler
rNeg    . . .      Spirit   .   (armour currently unavailable)
rPois   +          Reflect  .   (helmet unavailable)
rElec   .          Harm     .   (cloak currently unavailable)
rCorr   .          Rampage  .   (gloves currently unavailable)
Will    +....                   (boots currently unavailable)
Stlth   +.........              (no amulet)
HPRegen 0.22/turn               (no ring)
MPRegen 0.10/turn               (no ring)

@: tree-form, lightly drained
A: stationary, stasis, torment immunity, boosted hp, permanent stasis, dig
shafts and tunnels, (antennae 3), four strong arms, (large bone plates 1),
strong-willed 1
a: no special abilities


You were on level 4 of the Dungeon.
You were a tree.
You visited 1 branch of the dungeon, and saw 4 of its levels.

You collected 144 gold pieces.

Inventory:

Hand Weapons
 a - a +1 long sword of venom (weapon)
Armour
 b - a +0 scale mail (melded)
 c - a +0 buckler (worn)
 g - a +0 cloak (melded)
Jewellery
 f - a ring of ice
Wands
 j - a wand of acid (11)
Scrolls
 h - a scroll of fog
Potions
 d - a potion of might
 i - 3 potions of mutation
 p - a potion of resistance
 r - a potion of berserk rage


   Skills:
 + Level 5.1 Fighting
 + Level 3.8 Long Blades
 + Level 4.0 Armour
 - Level 0.4 Dodging
 - Level 0.1 Stealth
 - Level 4.1 Shields


You had 5 spell levels left.
You didn't know any spells.
Your spell library contained the following spells:

 Spells                   Type           Power      Damage    Failure   Level
 Conjure Flame            Conj/Fire      0%         6-21      86%         3
 Ignite Poison            Fire/Tmut/Pois 0%         N/A       86%         3
 Sticky Flame             Conj/Fire      0%         2d3       99%         4


Dungeon Overview and Level Annotations

Branches:
Dungeon (4/15)
 Temple: D:4-7

Altars:

Annotations:
D:4 Blork the orc


Innate Abilities, Weirdness & Mutations

You are a tree.
Your roots penetrate the ground, keeping you stationary.
You cannot be teleported.
You are immune to unholy pain and torment.
Your maximum health is greatly increased.
Your equipment is partially melded.
You cannot be hasted, slowed, berserked, paralysed or teleported.
You can dig through walls and to a lower floor.
((You have a pair of large antennae on your head. (SInv)))
Your four strong arms can wield two-handed weapons with a shield.
((You are partially covered in large bone plates. (SH +4)))
You are strong-willed. (Will+)


Message History

Blork the orc barely misses you.
You closely miss Blork the orc. You block Blork the orc's attack.
Blork the orc hits you with a +1 glaive of protection!
You closely miss Blork the orc. You block Blork the orc's attack.
Blork the orc hits you with a +1 glaive of protection!
You hit Blork the orc but do no damage.
Blork the orc is poisoned.
Blork the orc points at you and mumbles some strange words.
The puff of flame hits you!
Blork the orc hits you with a +1 glaive of protection!
* * * LOW HITPOINT WARNING * * *
You are too injured to fight recklessly!
You are too injured to fight recklessly!
Really quaff the potion of lignification?
You turn into a tree.
Your +0 cloak melds into your body.
Your +0 scale mail melds into your body.
Your roots penetrate the ground.
Blork the orc hits you but does no damage.
You hit Blork the orc.
Blork the orc is lightly wounded.
Blork the orc hits you with a +1 glaive of protection!
* * * LOW HITPOINT WARNING * * *
Blork the orc hits you but does no damage.
Unknown command.
You barely miss Blork the orc.
Blork the orc is lightly wounded.
Blork the orc hits you but does no damage.
Blork the orc screams, "You are the ugliest creature I've ever seen!"
Blork the orc hits you but does no damage.
You hit Blork the orc.
Blork the orc looks as sick as possible!
Blork the orc is moderately wounded.
Blork the orc casts a cantrip, but nothing happens.
Blork the orc hits you but does no damage.
You hit Blork the orc but do no damage.
Blork the orc looks as sick as possible!
Blork the orc is moderately wounded.
Blork the orc hits you with a +1 glaive of protection.
* * * LOW HITPOINT WARNING * * *
Blork the orc hits you with a +1 glaive of protection!
You die...

#. #. #.. #. #...#.
#######.
..#.##.......
....#..... #..#...
#.o..## #..♣..#
#.....# #####.....#
.......<..# {
######.#.###########
#.#...........#
#.###########.# #.#
#.# #.# #.###


You could see Blork the orc (fast, extremely poisoned).

Vanquished Creatures
  Crazy Yiuf (D:2)
  Jessica (D:3)
  2 iguanas (D:4)
  Terence (D:2)
  3 adders (D:2)
  A worm (D:2)
  2 orcs
  2 endoplasms (D:1)
  2 giant cockroaches (D:2)
  11 hobgoblins
  2 jackals (D:1)
  3 quokkas
  A ball python (D:2)
  6 bats
  3 frilled lizards
  9 goblins
  2 kobolds
  5 rats
57 creatures vanquished.

Vanquished Creatures (collateral kills)
  A goblin (D:4)
1 creature vanquished.

Vanquished Creatures (others)
  6 plants (D:3)
6 creatures vanquished.

Grand Total: 64 creatures vanquished

Notes
Turn   | Place    | Note
-------+----------+-------------------------------------------
     0 | D:1      | Arum the Formicid Fighter began the quest for the Orb.
     0 | D:1      | Reached XP level 1. HP: 18/18 MP: 1/1
    34 | D:1      | Reached XP level 2. HP: 22/25 MP: 2/2
   311 | D:1      | Reached skill level 4 in Fighting
   511 | D:1      | Reached XP level 3. HP: 26/30 MP: 3/3
  1038 | D:2      | Reached XP level 4. HP: 35/37 MP: 4/4
  1112 | D:2      | Found a faded altar of an unknown god.
  1387 | D:2      | Found a runed translucent door.
  1388 | D:2      | Noticed Crazy Yiuf
  1396 | D:2      | Gained mutation: You are strong-willed. (Will+) [potion of
                  | mutation]
  1396 | D:2      | Gained mutation: You are partially covered in large bone
                  | plates. (SH +4) [potion of mutation]
  1397 | D:2      | HP: 1/57 [Crazy Yiuf (4)]
  1404 | D:2      | Killed Crazy Yiuf
  1828 | D:2      | Noticed Terence
  1835 | D:2      | Killed Terence
  1836 | D:2      | Reached XP level 5. HP: 26/43 MP: 5/5
  2121 | D:3      | Noticed Jessica
  2132 | D:3      | Killed Jessica
  3083 | D:4      | Reached skill level 5 in Fighting
  3083 | D:4      | Reached XP level 6. HP: 49/51 MP: 6/6
  3128 | D:4      | Noticed Blork the orc
  3140 | D:4      | HP: 2/73 [Blork the orc (5)]
  3140 | D:4      | Mangled by Blork the orc

Illustrated notes

Levels and vault maps discovered:
D:1:      psy_arrival_whirlpool, layout_loops_cross
D:2:      layout_loops_corners, hellmonk_ecumenical_altar_leap_of_faith,
          uniq_terence, uniq_crazy_yiuf_cottage
D:3:      layout_basic, serial_bayou, serial_bayou_shore_b, serial_bayou_pond_d,
          serial_bayou_crossing, serial_bayou_shore_a, uniq_jessica
D:4:      layout_basic, uniq_blork_the_orc

Skill      XL: |  1  2  3  4  5 |
---------------+----------------+-----
Fighting       | 4 5 |  5.1
Shields        | 4 |  4.1
Long Blades    | 3 |  3.8
Armour         | 4 |  4.0
Dodging        | |  0.4
Stealth        | |  0.1

Action                   |  1- 3 |  4- 6 || total
-------------------------+-------+-------++-------
Melee: Long sword        |    87 |    90 ||   177
 Abil: Dig               |     5 |     1 ||     6
  Use: Potion            |       |     6 ||     6
       Scroll            |       |    10 ||    10
Armor: Scale mail        |    37 |    19 ||    56
       Skin              |       |     9 ||     9
Dodge: Dodged            |    36 |    32 ||    68
Block: Buckler           |    15 |    35 ||    50

Table legend: (Time is in decaauts)
 A = Elapsed time spent in this place.
 B = Non-inter-level travel time spent in this place.
 C = Inter-level travel time spent in this place.
 D = Time resting spent in this place.
 E = Time spent auto-exploring this place.
 F = Levels seen in this place.
 G = Mean time per level.
                   A        B        C        D        E       F      G
               +--------+--------+--------+--------+--------+-----+--------+
         Total |   3219 |   3142 |     77 |    407 |   2259 |   4 |  804.8 |
       Dungeon |   3219 |   3142 |     77 |    407 |   2259 |   4 |  804.8 |
               +--------+--------+--------+--------+--------+-----+--------+

Top non-repeatable levels by time:
     D:2: 1464 daAuts
     D:3: 860 daAuts
     D:1: 667 daAuts
     D:4: 225 daAuts
